 Dungeon Crawl Stone Soup version 0.25.1-2-g60ff931df9 (webtiles) character file.

Game seed: 8715310147898906220

77 HawFromDerth the Insei (level 4, -1/35 HPs)
             Began as a Draconian Transmuter on Sept 21, 2020.
             Slain by an adder (5 damage)
             ... on level 2 of the Dungeon.
             The game lasted 00:03:14 (1504 turns).

HawFromDerth the Insei (Draconian Transmuter)       Turns: 1504, Time: 00:03:14

Health: -1/35      AC:  5    Str: 12    XL:     4   Next: 14%
Magic:  8/8        EV: 12    Int: 14    God:
Gold:   50         SH:  0    Dex: 12    Spells: 7/8 levels left

rFire    . . .     SeeInvis .   i - +0 short sword
rCold    . . .     Gourm    .   (no shield)
rNeg     . . .     Faith    .   (armour unavailable)
rPois    .         Spirit   .   (helmet restricted)
rElec    .         Reflect  .   (no cloak)
rCorr    .         Harm     .   (no gloves)
MR       .....                  (no boots)
Stlth    +.........             (no amulet)
HPRegen  0.11/turn              (no ring)
MPRegen  0.11/turn              (no ring)

@: lethally poisoned (-1 -> -5), stab
A: unfitting armour, cold-blooded, AC +5
a: no special abilities


You were on level 2 of the Dungeon.
You were full.

You visited 1 branch of the dungeon, and saw 2 of its levels.

You collected 50 gold pieces.

Inventory:

Hand Weapons
 i - a +0 short sword (weapon)
Missiles
 a - 60 arrows
Scrolls
 e - a scroll of identify
Comestibles
 c - a ration


   Skills:
 + Level 1.1 Fighting
 + Level 1.1 Short Blades
 + Level 2.3 Dodging
 + Level 0.4 Stealth
 + Level 3.4 Unarmed Combat
 + Level 2.7 Spellcasting
 + Level 2.4 Transmutations


You had 7 spell levels left.
You knew the following spells:

 Your Spells              Type           Power        Failure   Level  Hunger
a - Beastly Appendage     Tmut           #.....       9%          1    #......

Your spell library contained the following spells:

 Spells                   Type           Power        Failure   Level  Hunger
 Sticks to Snakes         Tmut           #.......     12%         2    ###....
 Spider Form              Tmut/Pois      #.........   38%         3    ###....
 Ice Form                 Ice/Tmut       #.......     80%         4    #####..
 Blade Hands              Tmut           #.........   92%         5    ######.


Dungeon Overview and Level Annotations

Branches:
Dungeon (2/15)

Altars:


Innate Abilities, Weirdness & Mutations

Your plain brown scales are hard. (AC +5)
You cannot fit into any form of body armour.
You are cold-blooded and may be slowed by cold attacks.


Message History

The adder is severely wounded.
The adder bites you but does no damage. The adder barely misses you.
The adder closely misses you.
You closely miss the adder.
The adder is severely wounded.
* * * LOW HITPOINT WARNING * * *
You feel sick.
The adder bites you but does no damage. x2
You barely miss the adder.
Your tail-slap misses the adder.
The adder is severely wounded.
* * * LOW HITPOINT WARNING * * *
You feel sick. The adder closely misses you. The adder barely misses you.
The adder bites you but does no damage.
You feel ready to backstab. The adder bites you but does no damage.
The adder misses you. The adder closely misses you.
You hit the adder.
You kill the adder!
* * * LOW HITPOINT WARNING * * *
You feel sick. The adder bites you.
You die...

#.############.#.#.######..#.#.
#.##.............#.######.)#.#.
#.##.#########.#......b........
#.##.####### #.#(............#.
#..........# #...#.....#...#...
#####......###...#.....#..#....
#.....)......#.....#..#....
#..........S...............
#.).......@.K.####..#......
#......#####g##..##.....#..
#......# ##......#........
#......# #...##..#....#...
#......####..## #...##...
#.......(....# .. .. #.
######..((...# .. #.......##
..# #.......)####....


You could see an adder, a hobgoblin and a kobold.

Vanquished Creatures
  3 adders (D:2)
  A worm (D:2)
  2 leopard geckos
  3 giant cockroaches
  4 goblins
  6 hobgoblins
  4 jackals (D:1)
  2 quokkas (D:2)
  A ball python (D:2)
  4 bats
  2 frilled lizards (D:1)
  8 kobolds
  2 rats (D:1)
42 creatures vanquished.

Notes
Turn   | Place    | Note
-------+----------+-------------------------------------------
     0 | D:1      | HawFromDerth the Draconian Transmuter began the quest for
                  | the Orb.
     0 | D:1      | Reached XP level 1. HP: 16/16 MP: 3/3
   262 | D:1      | Reached XP level 2. HP: 23/23 MP: 3/5
   755 | D:1      | Reached XP level 3. HP: 18/28 MP: 6/6
  1238 | D:2      | Reached skill level 1 in Short Blades
  1478 | D:2      | Reached XP level 4. HP: 22/35 MP: 5/8
  1504 | D:2      | Slain by an adder

Illustrated notes

Levels and vault maps discovered:
D:1:      minmay_arrival_stair_chambers, layout_basic, minmay_splitting_lines,
          hangedman_decor_clover_reticule, minmay_pentomino_q2
D:2:      layout_basic, minmay_close_crescents

Skill      XL: |  1  2  3 |
---------------+----------+-----
Dodging        | 2 |  2.3
Short Blades   | 1 |  1.1
Fighting       | |  1.1
Stealth        | |  0.4
Unarmed Combat | |  3.4
Spellcasting   | |  2.7
Transmutations | |  2.4

Action                   |  1- 3 |  4- 6 || total
-------------------------+-------+-------++-------
Melee: Unarmed           |    28 |       ||    28
       Tailslap          |    12 |     1 ||    13
       Headbutt          |    11 |       ||    11
       Kick              |    17 |       ||    17
       Dagger            |    55 |       ||    55
       Short sword       |    57 |    11 ||    68
 Cast: Beastly Appendage |    25 |       ||    25
  Use: Scroll            |     2 |       ||     2
       Potion            |     1 |     2 ||     3
 Stab: Sleeping          |     1 |       ||     1
  Eat: Ration            |     2 |       ||     2
Armor: Skin              |    44 |     9 ||    53
Dodge: Dodged            |    92 |    20 ||   112
